 Dungeon Crawl Stone Soup version 0.13.0-26-gf7ffa3a (webtiles) character file.

9015 MirrMurr the Conjurer (level 11, -9/40 HPs)
             Began as a Felid Conjurer on Oct 31, 2013.
             Was a High Priest of Vehumet.
             Shot with an arrow by a centaur warrior (18 damage)
             ... on Level 13 of the Dungeon on Nov 1, 2013.
             The game lasted 01:42:12 (18530 turns).

MirrMurr the Conjurer (Felid Conjurer)             Turns: 18530, Time: 01:42:13

HP  -9/40        AC  2     Str  6      XL: 11   Next:  9%
MP  38/39        EV 20     Int 19      God: Vehumet [*****.]
Gold 634         SH  0     Dex 16      Spells:  9 memorised,  3 levels left
Lives: 0, deaths: 3

Res.Fire  : + . .   See Invis. : +     - Unarmed
Res.Cold  : . . .   Warding    : .   (armour unavailable)
Life Prot.: . . .   Conserve   : .   (shield unavailable)
Res.Poison: .       Res.Corr.  : .   (helmet unavailable)
Res.Elec. : .       Clarity    : .   (cloak unavailable)
Sust.Abil.: . .     Spirit.Shd : .   (gloves unavailable)
Res.Mut.  : .       Stasis     : .   (boots unavailable)
Res.Rott. : .       Flight     : .   B - amulet of faith
Saprovore : . . .                    p - ring of magical power
                                     e - ring of protection from fire

@: quick, quite resistant to hostile enchantments, very stealthy
A: paw claws, no armour, no advanced items, fangs 3, see invisible, carnivore 3,
deformed body, speed 1, mutation resistance 1, slow metabolism 2, AC +2
a: Renounce Religion


You were on level 13 of the Dungeon.
You worshipped Vehumet.
Vehumet was extremely pleased with you.
You were completely stuffed.

You visited 2 branches of the dungeon, and saw 14 of its levels.

You collected 656 gold pieces.
You spent 42 gold pieces at shops.

Inventory:

Comestibles
 b - 2 meat rations
 h - 6 beef jerkies
Scrolls
 c - a scroll of enchant weapon II {unknown}
 d - 2 scrolls of identify
 i - a scroll of blinking {unknown}
 j - 4 scrolls of remove curse
 k - a scroll of recharging {unknown}
 l - 2 scrolls of teleportation
 n - a scroll of magic mapping {unknown}
 r - 2 scrolls of fear
 t - a scroll of amnesia
 v - a scroll of enchant armour {unknown}
 x - a scroll of immolation {unknown}
 y - a scroll of curse armour {unknown}
Jewellery
 e - a ring of protection from fire (left paw)
 p - a ring of magical power (right paw)
 s - an uncursed amulet of stasis
 u - an uncursed ring of sustain abilities
 w - an uncursed amulet of rage
 B - an amulet of faith (around neck)
Potions
 a - a potion of restore abilities
 f - 3 potions of magic
 m - a potion of heal wounds
 o - 6 potions of curing
 z - a potion of agility
 C - a potion of poison {unknown}
Books
 g - a book of Alchemy

   Spells                             Type                      Level
   Lethal Infusion                    Charms/Necromancy            2
   Sublimation of Blood               Necromancy                   2
   *Condensation Shield               Ice                          4
   Alistair's Intoxication            Transmutation/Poison         4
   Petrify                            Transmutation/Earth          4
   Ignite Poison                      Fire/Transmutation           5
 q - a book of Conjurations

   Spells                             Type                      Level
   *Magic Dart                        Conjuration                  1
   Searing Ray                        Conjuration                  2
   *Dazzling Spray                    Conjuration/Hexes            3
   *Iskenderun's Mystic Blast         Conjuration                  4
   *Iskenderun's Battlesphere         Conjuration/Charms           4
   *Fulminant Prism                   Conjuration/Hexes            5
 A - a book of Death

   Spells                             Type                      Level
   Corpse Rot                         Necromancy                   2
   Sublimation of Blood               Necromancy                   2
   Agony                              Necromancy                   5
   Dispel Undead                      Necromancy                   5
   Excruciating Wounds                Charms/Necromancy            5
   Bolt of Draining                   Conjuration/Necromancy       6


   Skills:
 - Level 5.0 Dodging
 - Level 7.0 Stealth
 + Level 3.3 Unarmed Combat
 - Level 9.7 Spellcasting
 * Level 13.2 Conjurations
 - Level 6.1 Hexes
 - Level 1.0 Fire Magic
 - Level 5.2 Ice Magic


You had 3 spell levels left.
You knew the following spells:

 Your Spells              Type           Power        Failure   Level  Hunger
a - Magic Dart            Conj           ####         1%          1    None
b - Fulminant Prism       Conj/Hex       #####.....   1%          5    ####...
c - Dazzling Spray        Conj/Hex       #####...     1%          3    None
d - Iskenderun's Mystic   Conj           ######..     1%          4    ###....
e - Iskenderun's Battles  Conj/Chrm      ####....     1%          4    ###....
f - Inner Flame           Hex/Fire       ###.....     1%          3    None
g - Freeze                Ice            ####         1%          1    None
i - Condensation Shield   Ice            ####......   12%         4    ###....
s - Shock                 Conj/Air       ####         1%          1    None


Dungeon Overview and Level Annotations

Branches:
Dungeon (13/27)            Temple (1/1) D:5             Orc (0/4) D:7
   Lair (0/8) D:11

Altars:
Ashenzari
Cheibriados
Elyvilon
Fedhas
Kikubaaqudgha
Makhleb
Nemelex Xobeh
Okawaru
Sif Muna
Trog
Vehumet
Xom
Yredelemnul
Zin
the Shining One

Shops:
D:5 [   D:10 *   D:12 }

Annotations:
D:10 exclusion: 2 electric eels
D:11 Nergalle


Innate Abilities, Weirdness & Mutations

You cannot wear armour.
You are incapable of any advanced item manipulation.
Your paws have sharp claws.
You have razor-sharp teeth.
You have supernaturally acute eyesight.
You are carnivorous and can eat meat at any time.
You cover ground quickly.
You are covered in thick fur (AC +2).
You need consume almost no food.
Your body is misshapen.
You are somewhat resistant to further mutation.


Message History

Things that are here:
an arrow; a dart The centaur warrior shoots an arrow.
The arrow misses you. The arrow hits your battlesphere.
Your battlesphere is destroyed!
The kobold throws a dart.
The dart misses you.
The centaur warrior shoots an arrow.
The arrow hits you!
Ouch! That really hurt!
* * * LOW HITPOINT WARNING * * *
Found a stone staircase leading up.
Read which item? (? for menu, Esc to quit)
As you read the scroll of fear, it crumbles to dust.
You assume a fearsome visage.
The centaur warrior looks frightened!
The kobold looks frightened!
A centaur warrior opens the door.
The centaur warrior turns to fight!
The centaur warrior shoots an arrow.
The arrow misses you.
Things that are here:
2 arrows; a dart The centaur warrior shoots an arrow.
The arrow hits you!
You die...

#...)...........
#...............
#)..)..........#
#........(.....# < #
#...........[... K.#'###
########.......# ....c..
#........# ........########
#........#
#........ยง@(...###.........
#...)....(####...%........#
.......#.#.....#.#...##..#
#####.##.#.#...#.#.......#
... .>................# ####
#.#.#........#####
..#.#####.#..# #.. . ..#.##
#.# ###.#


You could see a centaur warrior.

Vanquished Creatures
  Josephine (D:11)
  Erica (D:10)
  Urug (D:10)
  The ghost of M4edhros the Unseen, an experienced OpAr of Makhleb (D:9)
  Erolcha (D:8)
  5 hill giants
  3 unseen horrors
  Joseph (D:7)
  A cyclops (D:11)
  A fire drake (D:11)
  A trapdoor spider zombie (D:13)
  5 slime creatures (D:12)
  A two-headed ogre (D:11)
  13 yaks
  A trapdoor spider (D:12)
  A hill giant zombie (D:6)
  A wraith (D:9)
  Grum (D:11)
  3 hippogriffs
  2 hungry ghosts
  Edmund (D:5)
  2 wolves (D:11)
  2 manticores
  A necrophage (D:11)
  2 mottled dragons
  2 ogres
  An ice beast (D:9)
  2 phantoms
  A crocodile (D:7)
  5 centaurs
  3 orc warriors
  Sigmund (D:5)
  Duvessa (D:6)
  3 big kobolds
  Blork the orc (D:7)
  11 giant frogs
  2 wyvern skeletons
  4 manticore skeletons
  An eye of draining (D:12)
  A hippogriff zombie (D:7)
  A yak skeleton (D:10)
  16 killer bees
  A hippogriff skeleton (D:11)
  3 goliath beetles
  Dowan (D:6)
  A giant frog zombie (D:6)
  A quasit (D:12)
  10 crimson imps
  3 jellies (D:11)
  6 hounds
  3 iguanas
  9 worker ants
  9 orc wizards
  2 water moccasin skeletons
  5 orc priests
  2 scorpions
  7 gnolls
  10 adders
  A giant centipede (D:10)
  3 giant mites
  A hound simulacrum (D:11)
  An inept item mimic (D:5)
  A goliath beetle zombie (D:12)
  A worm (D:3)
  A scorpion zombie (D:10)
  An adder skeleton (D:4)
  A giant centipede zombie (D:11)
  An adder zombie (D:7)
  A giant eyeball (D:8)
  6 giant geckos
  38 orcs
  A bat skeleton (D:8)
  11 goblins
  26 hobgoblins
  15 jackals
  23 kobolds
  5 quokkas
  11 bats
  6 giant cockroaches
  2 giant gecko skeletons
  6 giant newts
  2 orc skeletons
  A quokka skeleton (D:5)
  14 rats
  A rat zombie (D:5)
  22 ballistomycetes
385 creatures vanquished.

Vanquished Creatures (others)
  A killer bee (D:11)
  A fulminant prism (D:13)
  4 giant spores
6 creatures vanquished.

Grand Total: 391 creatures vanquished

Notes
Turn   | Place    | Note
--------------------------------------------------------------
     0 | D:1      | MirrMurr, the Felid Conjurer, began the quest for the Orb.
     0 | D:1      | Reached XP level 1. HP: 7/7 MP: 4/4
   407 | D:1      | Reached XP level 2. HP: 11/11 MP: 1/5
   411 | D:1      | Learned a level 2 spell: Searing Ray
  1577 | D:1      | Reached skill level 4 in Conjurations
  1718 | D:1      | Reached XP level 3. HP: 12/14 MP: 0/8
  1799 | D:1      | Learned a level 3 spell: Dazzling Spray
  2153 | D:2      | Reached skill level 1 in Hexes
  2869 | D:3      | Noticed an ogre
  2927 | D:3      | Killed an ogre
  2927 | D:3      | Reached XP level 4. HP: 6/18 MP: 2/11
  2927 | D:3      | Reached XP level 5. HP: 7/21 MP: 2/12
  4185 | D:4      | Reached skill level 5 in Stealth
  4491 | D:4      | Gained mutation: You are covered in thick fur (AC +2). [growing up]
  4491 | D:4      | Reached XP level 6. HP: 24/24 MP: 15/15
  4584 | D:4      | Noticed a phantom
  4689 | D:4      | Killed a phantom
  4821 | D:4      | Reached skill level 5 in Dodging
  4971 | D:4      | Reached skill level 6 in Stealth
  4982 | D:4      | Reached skill level 5 in Hexes
  5473 | D:5      | Entered Level 5 of the Dungeon
  5501 | D:5      | Noticed Sigmund
  5510 | D:5      | Killed Sigmund
  5510 | D:5      | Reached XP level 7. HP: 12/27 MP: 0/18
  5735 | D:5      | Found a staircase to the Ecumenical Temple.
  5741 | D:5      | Gained mutation: You need consume almost no food. [potion of mutation]
  5741 | D:5      | Gained mutation: Your body is misshapen. [potion of mutation]
  5741 | D:5      | Gained mutation: You are somewhat resistant to further mutation. [potion of mutation]
  5743 | Temple   | Entered the Ecumenical Temple
  5823 | Temple   | Became a worshipper of Vehumet
  5874 | D:5      | Noticed Edmund
  5891 | D:5      | Killed Edmund
  6302 | D:5      | Found Wuanejug's Armour Shop.
  6881 | D:6      | Reached skill level 7 in Stealth
  7008 | D:6      | Learned a level 4 spell: Iskenderun's Mystic Blast
  7147 | D:6      | Acquired Vehumet's first power
  7147 | D:6      | Offered knowledge of Shock by Vehumet.
  7187 | D:6      | Reached XP level 8. HP: 21/31 MP: 21/21
  7664 | D:6      | Noticed Dowan
  7704 | D:6      | Noticed Duvessa
  7741 | D:6      | Reached skill level 5 in Spellcasting
  7880 | D:6      | Reached skill level 5 in Conjurations
  7917 | D:6      | Learned a level 1 spell: Shock
  8304 | D:6      | Paralysed by a potion of paralysis for 7 turns
  8369 | D:6      | Killed Duvessa
  8371 | D:6      | Killed Dowan
  8709 | D:7      | Noticed Blork the orc
  8713 | D:7      | Killed Blork the orc
  8730 | D:7      | Learned a level 4 spell: Iskenderun's Battlesphere
  8746 | D:7      | Offered knowledge of Freeze by Vehumet.
  8749 | D:7      | Learned a level 1 spell: Freeze
  9082 | D:7      | Reached XP level 9. HP: 34/34 MP: 20/24
  9292 | D:7      | Offered knowledge of Inner Flame by Vehumet.
  9590 | D:7      | Noticed Joseph
  9658 | D:7      | Killed Joseph
  9658 | D:7      | Reached skill level 8 in Conjurations
  9855 | D:7      | Acquired Vehumet's second power
  9996 | D:7      | Found a staircase to the Orcish Mines.
 10572 | D:8      | Found a white marble altar of Elyvilon.
 10746 | D:8      | Learned a level 3 spell: Inner Flame
 10763 | D:8      | Offered knowledge of Throw Icicle by Vehumet.
 10860 | D:8      | Noticed Erolcha
 11378 | D:8      | Reached skill level 9 in Conjurations
 12009 | D:8      | Killed Erolcha
 12009 | D:8      | Reached XP level 10. HP: 37/37 MP: 20/27
 12060 | D:9      | Acquired Vehumet's third power
 12156 | D:9      | Noticed M4edhros' ghost (experienced OpAr)
 12179 | D:9      | Killed M4edhros' ghost
 12329 | D:9      | Reached skill level 10 in Conjurations
 12500 | D:9      | Offered knowledge of Bolt of Magma by Vehumet.
 12670 | D:9      | Found a burning altar of Makhleb.
 12671 | D:9      | Found a basalt altar of Yredelemnul.
 12918 | D:9      | Found a sparkling altar of Nemelex Xobeh.
 13021 | D:10     | Entered Level 10 of the Dungeon
 13021 | D:10     | Noticed Erica
 13162 | D:9      | HP: 1/37 [wraith (7)]
 13162 | D:9      | Slain by a wraith
 13163 | D:9      | Reached XP level 9. HP: -3/34 MP: 27/36
 13190 | D:10     | Reached skill level 11 in Conjurations
 13369 | D:10     | Reached XP level 10. HP: 35/37 MP: 20/28
 13582 | D:10     | Killed Erica
 13671 | D:10     | Noticed a hill giant
 13763 | D:10     | Killed a hill giant
 13805 | D:10     | Found Gipe's General Store.
 13818 | D:10     | Bought a scroll of fear for 42 gold pieces
 13850 | D:10     | Noticed Urug
 13875 | D:10     | Killed Urug
 13875 | D:10     | Offered knowledge of Bolt of Fire by Vehumet.
 14320 | D:10     | Noticed a hill giant
 14325 | D:10     | Killed a hill giant
 14325 | D:10     | Reached skill level 12 in Conjurations
 14370 | D:10     | Noticed a hill giant
 14400 | D:10     | Killed a hill giant
 14827 | D:10     | Learned a level 6 spell: Bolt of Fire
 15004 | D:11     | Noticed Josephine
 15045 | D:11     | Noticed a hill giant
 15048 | D:11     | Reached XP level 11. HP: 40/40 MP: 28/30
 15050 | D:11     | Killed a hill giant
 15200 | D:11     | Learned a level 4 spell: Condensation Shield
 15353 | D:11     | Reached skill level 1 in Fire Magic
 15353 | D:11     | Reached skill level 1 in Ice Magic
 15365 | D:11     | Noticed Grum
 15586 | D:11     | Killed Grum
 15681 | D:11     | Noticed Nergalle
 15696 | D:11     | Found a staircase to the Lair.
 15699 | D:11     | Killed from afar by a fire drake
 15700 | D:11     | Reached XP level 10. HP: 0/37 MP: 0/38
 15766 | D:11     | Killed Josephine
 16281 | D:11     | Noticed a cyclops
 16284 | D:11     | Hit by a large rock thrown by a cyclops
 16285 | D:11     | Reached XP level 9. HP: -20/34 MP: 31/36
 16320 | D:11     | Noticed an unseen horror
 16329 | D:11     | Killed an unseen horror
 16360 | D:11     | Killed a cyclops
 16427 | D:11     | Reached XP level 10. HP: 37/37 MP: 11/29
 16618 | D:11     | Reached skill level 5 in Ice Magic
 17085 | D:11     | Offered knowledge of Ozocubu's Refrigeration by Vehumet.
 17189 | D:12     | Reached skill level 1 in Unarmed Combat
 17511 | D:12     | Noticed a hill giant
 17517 | D:12     | Killed a hill giant
 17902 | D:12     | Found Maataiga's Gadget Shop.
 18176 | D:12     | Reached skill level 13 in Conjurations
 18194 | D:13     | Noticed an unseen horror
 18194 | D:13     | Noticed an unseen horror
 18200 | D:13     | Killed an unseen horror
 18203 | D:13     | Killed an unseen horror
 18203 | D:13     | Reached XP level 11. HP: 40/40 MP: 18/30
 18356 | D:13     | Learned a level 5 spell: Fulminant Prism
 18525 | D:13     | Noticed a centaur warrior
 18530 | D:13     | Shot with an arrow by a centaur warrior

Action                   |  1- 3 |  4- 6 |  7- 9 | 10-12 || total
-------------------------+-------+-------+-------+-------++-------
Melee: Unarmed           |    13 |       |    47 |   126 ||   186
 Cast: Magic Dart        |    83 |    92 |   310 |   319 ||   804
       Searing Ray       |     6 |     8 |    23 |     5 ||    42
       Dazzling Spray    |       |    18 |    95 |   158 ||   271
       Iskenderun's Batt |       |       |    23 |    70 ||    93
       Iskenderun's Myst |       |       |     6 |    16 ||    22
       Inner Flame       |       |       |     1 |     1 ||     2
       Condensation Shie |       |       |       |     1 ||     1
       Fulminant Prism   |       |       |       |     1 ||     1
  Use: Scroll            |     2 |     2 |     3 |    10 ||    17
       Potion            |     1 |     1 |     6 |     4 ||    12
 Stab: Invisible         |       |       |     1 |       ||     1
